Flyers vs Penguins

Created - 16 avril 2016 at 22:29

Goals
1 2 3 OT1 T
Flyers 1 1 0 1 3
Penguins 1 1 0 0 2
Shots
1 2 3 OT1 T
Flyers 7 10 5 2 24
Penguins 15 17 8 1 41

1st period

1. Flyers , Georges Laraque 9 (Jeff Carter, Pavel Kubina) at 11:19
2. Penguins , Ryan Kesler 40 (Nathan Horton) at 12:23

Penalties :
Dany Heatley (Phi) for Hooking (Minor) at 14:14

2nd period

3. Penguins , Brian McGrattan 4 (Denis Arkhipov, Ladislav Nagy) at 8:13
4. Flyers , Kyle Wellwood 33 (Loui Eriksson, Patrick Marleau) at 10:57

Penalties :
Nathan Horton (Pit) for Holding (Minor) at 5:29, Brendan Smith (Pit) for Hooking (Minor) at 16:55, Patrick Marleau (Phi) for Tripping (Minor) at 17:00

3rd period

No Goal

Penalties :
No Penalty

Overtime #1

5. Flyers , Kyle Wellwood 34 (Matt Smaby, Loui Eriksson) at 1:15

Penalties :
No Penalty

Goalie Stats

Viktor Fasth (Phi), 39 saves from 41 shots - (0,951), W, 33-22-5, 61:15 minutes
Brian Elliott (Pit), 21 saves from 24 shots - (0,875), OTL, 39-26-4, 61:15 minutes

Players Stats for Flyers

Player Name              G  A  P  +/- PIM S  H  SB GA TA FO     MP     PP MP  PK MP  
------------------------------------------------------------------------------------
Dany Heatley             0  0  0   0  2   2  4  0  0  0  1/1    19:50   1:17   0:00 
Dave Tanabe              0  0  0   1  0   1  0  2  1  1  0/0    14:24   0:00   0:55 
Georges Laraque          1  0  1   0  0   1  1  1  0  0  1/1     9:53   0:00   0:00 
James Wisniewski         0  0  0   1  0   0  0  0  0  1  0/0    13:33   0:00   0:04 
Jeff Carter              0  1  1   0  0   1  0  0  1  0  14/26  20:20   1:17   0:30 
Jeff O'Neill             0  0  0   0  0   0  1  0  0  0  1/1     9:55   0:00   0:05 
Jeff Woywitka            0  0  0   0  0   0  0  1  1  1  0/0    23:25   1:11   1:09 
Jonathan Ericsson        0  0  0   0  0   1  2  2  0  0  0/0    23:25   1:11   1:09 
Kyle Wellwood            2  0  2   1  0   5  2  2  0  0  13/25  20:36   0:47   0:33 
Loui Eriksson            0  2  2   1  0   1  1  1  0  0  0/0    20:03   0:47   0:00 
Mats Zuccarello          0  0  0   0  0   1  2  0  0  1  0/1    18:12   1:17   0:00 
Matt Smaby               0  1  1   0  0   3  0  1  0  0  0/0    24:17   0:53   0:51 
Matthew Lombardi         0  0  0   0  0   2  1  0  0  2  1/3    10:24   0:00   0:56 
Mike York                0  0  0   0  0   1  0  0  0  1  0/1    10:45   0:00   0:55 
Patrick Marleau          0  1  1   0  2   0  0  0  0  0  1/2    18:42   0:46   0:13 
Pavel Kubina             0  1  1   0  0   2  2  0  0  1  0/0    23:26   0:53   0:00 
Rostislav Olesz          0  0  0   0  0   2  1  0  1  0  0/0    10:24   0:00   0:56 
Stefan Ruzicka           0  0  0   0  0   1  0  0  0  0  0/0     9:26   0:00   0:00 

Players Stats for Penguins

Player Name              G  A  P  +/- PIM S  H  SB GA TA FO     MP     PP MP  PK MP  
------------------------------------------------------------------------------------
Bobby Ryan               0  0  0  -1  0   1  1  1  0  0  0/0    17:37   1:04   0:37 
Brendan Smith            0  0  0   0  2   0  0  1  1  0  0/0    13:05   0:05   0:00 
Brian McGrattan          1  0  1   1  0   5  1  0  3  0  0/0     7:58   0:00   0:00 
Brooks Orpik             0  0  0  -1  0   2  0  1  2  0  0/0    19:39   0:46   0:49 
David Jones              0  0  0   0  0   2  1  0  0  0  0/0    12:01   0:00   0:00 
Denis Arkhipov           0  1  1   1  0   0  1  0  0  0  0/1     8:51   0:00   0:46 
Dion Phaneuf             0  0  0   0  0   3  4  1  1  1  0/0    28:52   1:18   1:15 
Duncan Keith             0  0  0  -1  0   0  2  0  0  1  0/0    19:39   0:46   0:49 
Dustin Penner            0  0  0  -1  0   0  0  0  0  0  1/1    16:09   0:59   0:07 
Ladislav Nagy            0  1  1   1  0   0  0  1  0  0  0/0     7:55   0:00   0:00 
Nathan Horton            0  1  1   0  2   4  2  0  0  1  0/0    20:36   1:05   0:00 
Oleg Kvasha              0  0  0   0  0   1  0  1  0  0  1/6    12:22   0:00   0:00 
Paul Ranger              0  0  0   0  0   2  0  0  0  0  0/0    12:44   0:00   0:00 
Ryan Kesler              1  0  1  -1  0   10 1  1  0  0  22/41  23:07   1:00   1:18 
Sean Zimmerman           0  0  0   0  0   1  0  3  0  0  0/0    28:52   1:18   1:15 
Simon Gagné              0  0  0  -1  0   3  3  0  1  1  1/1    23:14   1:00   1:20 
Steve Sullivan           0  0  0   0  0   5  0  1  0  0  0/1    12:01   0:00   0:00 
Steven Stamkos           0  0  0  -1  0   2  3  0  0  0  4/10   16:18   0:59   0:00 

3 Stars

1 - Kyle Wellwood (Phi)
2 - Viktor Fasth (Phi)
3 - Loui Eriksson (Phi)

Power Play

Flyers - 0 on 2 Attempt(s) - 0,00%
Penguins - 0 on 2 Attempt(s) - 0,00%

Penalty Kill

Flyers - 2 on 2 Attempt(s) - 100,00% - Score 0 goal in Penalty Kill
Penguins - 2 on 2 Attempt(s) - 100,00% - Score 0 goal in Penalty Kill

Team Stat

Flyers - Hits : 17 - Faceoff Wins : 32 - Blocked Shots : 10 - Penalty Minutes : 4
Penguins - Hits : 19 - Faceoff Wins : 29 - Blocked Shots : 11 - Penalty Minutes : 4

Official

Referees : Hebert Ghislain and O'Halloran Dan
Linesman : Brad Kovachik and Tony Sericolo

Game Notes

6:40 of 2nd period - Flyers goal is going for a video replay. After video review, No Goal. The net was displaced accidentally.

Finance

Level 1 -- Attendance: 6000 (100,00%) -- Ticket Income 462 000 $
Level 2 -- Attendance: 5000 (100,00%) -- Ticket Income 225 000 $
Level 3 -- Attendance: 2000 (100,00%) -- Ticket Income 56 000 $
Level 4 -- Attendance: 4000 (100,00%) -- Ticket Income 80 000 $
Luxury Box -- Attendance: 1000 (100,00%) -- Ticket Income 160 000 $
Game was played at the Igloo.
Total Attendance: 18000 (100,00%)
Total Ticket Income: 983 000 $
Other Income: 147 450 $
Total Income: 1 130 450 $

Flyers

5 vs 5 Forward 
   Center                   Left Wing                Right Wing               Time % Phy DF OF 
 1 Jeff Carter              Dany Heatley             Mats Zuccarello          35     1   0  4  
 2 Kyle Wellwood            Patrick Marleau          Loui Eriksson            35     0   0  5  
 3 Matthew Lombardi         Rostislav Olesz          Georges Laraque          15     0   3  2  
 4 Jeff O'Neill             Mike York                Stefan Ruzicka           15     0   3  2  

5 vs 5 Defense 
   Defense                  Defense                                           Time % Phy DF OF 
 1 Jeff Woywitka            Jonathan Ericsson                                 40     1   2  2  
 2 Pavel Kubina             Matt Smaby                                        40     1   2  2  
 3 Dave Tanabe              James Wisniewski                                  15     1   4  0  
 4 Jonathan Ericsson        Jeff Woywitka                                     5      1   2  2  

PowerPlay Forward 
   Center                   Left Wing                Right Wing               Time % Phy DF OF 
 1 Jeff Carter              Dany Heatley             Mats Zuccarello          50     1   2  2  
 2 Kyle Wellwood            Patrick Marleau          Loui Eriksson            50     1   2  2  

PowerPlay Defense
   Defense                  Defense                                           Time % Phy DF OF 
 1 Jonathan Ericsson        Jeff Woywitka                                     50     1   2  2  
 2 Pavel Kubina             Matt Smaby                                        50     1   2  2  

Penalty Kill 4 Players Forward 
   Center                   Wing                     Time % Phy DF OF 
 1 Matthew Lombardi         Rostislav Olesz          60     0   5  0  
 2 Kyle Wellwood            Dany Heatley             40     0   5  0  

Penalty Kill 4 Players Defense
   Defense                  Defense                  Time % Phy DF OF 
 1 Jeff Woywitka            Jonathan Ericsson        60     0   5  0  
 2 Matt Smaby               Dave Tanabe              40     0   5  0  

Penalty Kill - 3 Players Forward 
   Forward                                           Time % Phy DF OF 
 1 Matthew Lombardi                                  60     0   5  0  
 2 Kyle Wellwood                                     40     0   5  0  

Penalty Kill - 3 Players Defense
   Defense                  Defense                  Time % Phy DF OF 
 1 Jonathan Ericsson        Jeff Woywitka            60     0   5  0  
 2 Matt Smaby               Dave Tanabe              40     0   5  0  

4 vs 4 Forward 
   Center                   Wing                     Time % Phy DF OF 
 1 Jeff Carter              Dany Heatley             50     1   2  2  
 2 Kyle Wellwood            Loui Eriksson            50     1   2  2  

4 vs 4 Defense
   Defense                  Defense                  Time % Phy DF OF 
 1 Jonathan Ericsson        Jeff Woywitka            50     1   2  2  
 2 Matt Smaby               Pavel Kubina             50     1   2  2  

Last Minutes Offensive
   Center                   Left Wing                Right Wing               Defense                  Defense                  
   Kyle Wellwood            Patrick Marleau          Loui Eriksson            Pavel Kubina             Jeff Woywitka            

Last Minutes Defensive
   Center                   Left Wing                Right Wing               Defense                  Defense                  
   Matthew Lombardi         Dany Heatley             Georges Laraque          Jeff Woywitka            Jonathan Ericsson        

Goaltenders
Starting : Viktor Fasth             
Backup : Cory Schneider           

Extra Forwards
Normal : Jeff Carter, Kyle Wellwood, Patrick Marleau - PP : Jeff Carter, Kyle Wellwood - PK : Matthew Lombardi
Extra Defensemen
Normal : Jonathan Ericsson, Jeff Woywitka, Pavel Kubina - PP : Jonathan Ericsson - PK : Jeff Woywitka, Jonathan Ericsson
Penalty Shots
Patrick Marleau, Dany Heatley, Jeff Carter, Loui Eriksson, Kyle Wellwood

Penguins

5 vs 5 Forward 
   Center                   Left Wing                Right Wing               Time % Phy DF OF 
 1 Ryan Kesler              Simon Gagné              Nathan Horton            40     0   2  3  
 2 Steven Stamkos           Dustin Penner            Bobby Ryan               30     0   2  3  
 3 Oleg Kvasha              Steve Sullivan           David Jones              20     0   2  3  
 4 Denis Arkhipov           Ladislav Nagy            Brian McGrattan          10     0   2  3  

5 vs 5 Defense 
   Defense                  Defense                                           Time % Phy DF OF 
 1 Sean Zimmerman           Dion Phaneuf                                      40     1   2  2  
 2 Brooks Orpik             Duncan Keith                                      30     1   2  2  
 3 Paul Ranger              Brendan Smith                                     20     1   2  2  
 4 Sean Zimmerman           Dion Phaneuf                                      10     1   2  2  

PowerPlay Forward 
   Center                   Left Wing                Right Wing               Time % Phy DF OF 
 1 Ryan Kesler              Simon Gagné              Nathan Horton            60     0   1  4  
 2 Steven Stamkos           Dustin Penner            Bobby Ryan               40     0   1  4  

PowerPlay Defense
   Defense                  Defense                                           Time % Phy DF OF 
 1 Sean Zimmerman           Dion Phaneuf                                      60     0   2  3  
 2 Brooks Orpik             Duncan Keith                                      40     0   2  3  

Penalty Kill 4 Players Forward 
   Center                   Wing                     Time % Phy DF OF 
 1 Ryan Kesler              Simon Gagné              60     0   4  1  
 2 Nathan Horton            Bobby Ryan               40     0   4  1  

Penalty Kill 4 Players Defense
   Defense                  Defense                  Time % Phy DF OF 
 1 Sean Zimmerman           Dion Phaneuf             60     1   4  0  
 2 Brooks Orpik             Duncan Keith             40     1   4  0  

Penalty Kill - 3 Players Forward 
   Forward                                           Time % Phy DF OF 
 1 Ryan Kesler                                       60     0   4  1  
 2 Simon Gagné                                       40     0   4  1  

Penalty Kill - 3 Players Defense
   Defense                  Defense                  Time % Phy DF OF 
 1 Sean Zimmerman           Dion Phaneuf             60     1   4  0  
 2 Brooks Orpik             Duncan Keith             40     1   4  0  

4 vs 4 Forward 
   Center                   Wing                     Time % Phy DF OF 
 1 Ryan Kesler              Simon Gagné              60     0   2  3  
 2 Nathan Horton            Bobby Ryan               40     0   2  3  

4 vs 4 Defense
   Defense                  Defense                  Time % Phy DF OF 
 1 Sean Zimmerman           Dion Phaneuf             60     1   2  2  
 2 Brooks Orpik             Duncan Keith             40     1   2  2  

Last Minutes Offensive
   Center                   Left Wing                Right Wing               Defense                  Defense                  
   Ryan Kesler              Simon Gagné              Nathan Horton            Sean Zimmerman           Dion Phaneuf             

Last Minutes Defensive
   Center                   Left Wing                Right Wing               Defense                  Defense                  
   Ryan Kesler              Simon Gagné              Nathan Horton            Sean Zimmerman           Dion Phaneuf             

Goaltenders
Starting : Brian Elliott            
Backup : Josh Tordjman            

Extra Forwards
Normal : Steven Stamkos, Ryan Kesler, Oleg Kvasha - PP : Steven Stamkos, Ryan Kesler - PK : Nathan Horton
Extra Defensemen
Normal : Dion Phaneuf, Duncan Keith, Brendan Smith - PP : Brendan Smith - PK : Dion Phaneuf, Duncan Keith
Penalty Shots
Ryan Kesler, Simon Gagné, Nathan Horton, Bobby Ryan, Dustin Penner

% Time on Ice - Flyers

Lines # - Real PCT - Wanted PCT - Time Play
Normal Forward
1 - 31% - 35% - 16:56
2 - 34% - 35% - 18:09
3 - 18% - 15% - 9:27
4 - 17% - 15% - 9:26
Normal Defense
1 - 36% - 40% - 19:11
2 - 38% - 40% - 20:46
3 - 24% - 15% - 13:11
4 - 2% - 5% - 0:50
PP Forward
1 - 62% - 50% - 1:17
2 - 38% - 50% - 0:47
PP Defense
1 - 57% - 50% - 1:11
2 - 43% - 50% - 0:53
PK Forward
1 - 69% - 60% - 1:26
2 - 31% - 40% - 0:38
PK Defense
1 - 57% - 60% - 1:11
2 - 43% - 40% - 0:53
PK3 Forward
1 - 0% - 60%
2 - 0% - 40%
PK3 Defense
1 - 0% - 60%
2 - 0% - 40%
44 Forward
1 - 38% - 50% - 1:12
2 - 62% - 50% - 1:57
44 Defense
1 - 34% - 50% - 1:05
2 - 66% - 50% - 2:04
Last Minute Offensive  - 0:00
Last Minute Defensive  - 0:00
Total
Forward - 61:15
Defense - 61:15

% Time on Ice - Penguins

Lines # - Real PCT - Wanted PCT - Time Play
Normal Forward
1 - 36% - 40% - 19:25
2 - 27% - 30% - 14:37
3 - 22% - 20% - 12:01
4 - 15% - 10% - 7:55
Normal Defense
1 - 38% - 40% - 20:35
2 - 32% - 30% - 17:26
3 - 24% - 20% - 12:44
4 - 6% - 10% - 3:13
PP Forward
1 - 48% - 60% - 1:00
2 - 52% - 40% - 1:04
PP Defense
1 - 63% - 60% - 1:18
2 - 37% - 40% - 0:46
PK Forward
1 - 70% - 60% - 1:27
2 - 30% - 40% - 0:37
PK Defense
1 - 60% - 60% - 1:15
2 - 40% - 40% - 0:49
PK3 Forward
1 - 0% - 60%
2 - 0% - 40%
PK3 Defense
1 - 0% - 60%
2 - 0% - 40%
44 Forward
1 - 81% - 60% - 2:33
2 - 19% - 40% - 0:36
44 Defense
1 - 80% - 60% - 2:31
2 - 20% - 40% - 0:38
Last Minute Offensive  - 0:00
Last Minute Defensive  - 0:00
Total
Forward - 61:15
Defense - 61:15

Play by Play

1st period


0:01 of 1st period - Ryan Kesler wins face-off versus Jeff Carter in neutral zone.
1:11 of 1st period - Snap shot by Pavel Kubina.
1:11 of 1st period - Shot Misses the Net.
1:29 of 1st period - Paul Ranger is hit by Pavel Kubina and loses puck.
2:01 of 1st period - Patrick Marleau is hit by Steven Stamkos and loses puck.
3:02 of 1st period - Slapshot by Brian McGrattan.
3:02 of 1st period - Stopped by Viktor Fasth with a rebound.
3:24 of 1st period - Snap shot by Bobby Ryan.
3:24 of 1st period - Shot Misses the Net.
3:26 of 1st period - Slapshot by Brooks Orpik.
3:26 of 1st period - Stopped by Viktor Fasth with a rebound.
3:28 of 1st period - Backhand shot by Brooks Orpik.
3:28 of 1st period - Deflect By Steven Stamkos.
3:28 of 1st period - Stopped by Viktor Fasth with a rebound.
3:30 of 1st period - Snap shot by Bobby Ryan.
3:30 of 1st period - Stopped by Viktor Fasth without a rebound.
3:31 of 1st period - Jeff Carter wins face-off versus Ryan Kesler in Flyers zone.
3:46 of 1st period - Brooks Orpik is hit by Pavel Kubina and loses puck.
4:16 of 1st period - Snap shot by Oleg Kvasha.
4:16 of 1st period - Shot Misses the Net.
4:42 of 1st period - Slapshot by Stefan Ruzicka.
4:42 of 1st period - Shot Blocked by Ladislav Nagy.
4:52 of 1st period - Slapshot by Ryan Kesler.
4:52 of 1st period - Shot Misses the Net.
5:04 of 1st period - Snap shot by Simon Gagné.
5:04 of 1st period - Stopped by Viktor Fasth without a rebound.
5:05 of 1st period - Kyle Wellwood wins face-off versus Steven Stamkos in Flyers zone.
7:28 of 1st period - Wrist shot by Oleg Kvasha.
7:28 of 1st period - Shot Blocked by Dave Tanabe.
7:30 of 1st period - Snap shot by Oleg Kvasha.
7:30 of 1st period - Shot Misses the Net.
7:44 of 1st period - Wrist shot by Matthew Lombardi.
7:44 of 1st period - Stopped by Brian Elliott with a rebound.
7:46 of 1st period - Slapshot by Rostislav Olesz.
7:46 of 1st period - Stopped by Brian Elliott with a rebound.
8:00 of 1st period - Matt Smaby is hit by Denis Arkhipov and loses puck.
8:22 of 1st period - Simon Gagné is hit by Jonathan Ericsson and loses puck.
9:17 of 1st period - Wrist shot by Matthew Lombardi.
9:17 of 1st period - Stopped by Brian Elliott without a rebound.
9:18 of 1st period - Kyle Wellwood wins face-off versus Ryan Kesler in Penguins zone.
9:27 of 1st period - Dave Tanabe is hit by Duncan Keith and loses puck.
9:32 of 1st period - Wrist shot by Ryan Kesler.
9:32 of 1st period - Stopped by Viktor Fasth with a rebound.
9:34 of 1st period - Snap shot by Brooks Orpik.
9:34 of 1st period - Stopped by Viktor Fasth without a rebound.
9:35 of 1st period - Jeff Carter wins face-off versus Steven Stamkos in Flyers zone.
9:43 of 1st period - Icing by Brooks Orpik.
9:44 of 1st period - Steven Stamkos wins face-off versus Mats Zuccarello in Penguins zone.
9:44 of 1st period - Steven Stamkos is hit by Mats Zuccarello.
10:14 of 1st period - Snap shot by Steven Stamkos.
10:14 of 1st period - Deflect By Bobby Ryan.
10:14 of 1st period - Shot Misses the Net.
10:14 of 1st period - Puck is out of play.
10:15 of 1st period - Ryan Kesler wins face-off versus Patrick Marleau in Flyers zone.
10:16 of 1st period - Snap shot by Simon Gagné.
10:16 of 1st period - Deflect By Ryan Kesler.
10:16 of 1st period - Shot Blocked by Kyle Wellwood.
10:16 of 1st period - Puck is out of play.
10:17 of 1st period - Ryan Kesler wins face-off versus Kyle Wellwood in Flyers zone.
10:20 of 1st period - Snap shot by Ryan Kesler.
10:20 of 1st period - Shot Blocked by Matt Smaby.
10:26 of 1st period - Slapshot by Simon Gagné.
10:26 of 1st period - Shot Misses the Net.
10:30 of 1st period - Slapshot by Simon Gagné.
10:30 of 1st period - Stopped by Viktor Fasth without a rebound.
10:31 of 1st period - Ryan Kesler wins face-off versus Kyle Wellwood in Flyers zone.
11:03 of 1st period - Backhand shot by Dany Heatley.
11:03 of 1st period - Shot Misses the Net.
11:17 of 1st period - Snap shot by Jeff Carter.
11:17 of 1st period - Shot Blocked by Brooks Orpik.
11:19 of 1st period - Snap shot by Georges Laraque.
11:19 of 1st period - Goal by Georges Laraque - Flyers : 1 - Penguins : 0.
11:20 of 1st period - Patrick Marleau wins face-off versus Ryan Kesler in neutral zone.
12:15 of 1st period - Snap shot by Matt Smaby.
12:15 of 1st period - Stopped by Brian Elliott without a rebound.
12:16 of 1st period - Ryan Kesler wins face-off versus Kyle Wellwood in Penguins zone.
12:23 of 1st period - Snap shot by Ryan Kesler.
12:23 of 1st period - Goal by Ryan Kesler - Flyers : 1 - Penguins : 1.
12:24 of 1st period - Ryan Kesler wins face-off versus Kyle Wellwood in neutral zone.
12:39 of 1st period - Snap shot by Ryan Kesler.
12:39 of 1st period - Stopped by Viktor Fasth without a rebound.
12:40 of 1st period - Steven Stamkos wins face-off versus Jeff Carter in Flyers zone.
12:52 of 1st period - Icing by Jeff Woywitka.
12:53 of 1st period - Dany Heatley wins face-off versus Ryan Kesler in Flyers zone.
12:53 of 1st period - Dany Heatley is hit by Nathan Horton.
13:46 of 1st period - Slapshot by Steven Stamkos.
13:46 of 1st period - Deflect By Bobby Ryan.
13:46 of 1st period - Shot Misses the Net.
13:46 of 1st period - Puck is out of play.
13:47 of 1st period - Ryan Kesler wins face-off versus Jeff Carter in Flyers zone.
13:52 of 1st period - Snap shot by Ryan Kesler.
13:52 of 1st period - Stopped by Viktor Fasth without a rebound.
13:53 of 1st period - Ryan Kesler wins face-off versus Jeff Carter in Flyers zone.
14:08 of 1st period - Wrist shot by Ryan Kesler.
14:08 of 1st period - Stopped by Viktor Fasth with a rebound.
14:14 of 1st period - Minor Penalty to Dany Heatley for Hooking.
14:15 of 1st period - Ryan Kesler wins face-off versus Matthew Lombardi in Flyers zone.
14:16 of 1st period - Wrist shot by Nathan Horton.
14:16 of 1st period - Stopped by Viktor Fasth with a rebound.
14:18 of 1st period - Snap shot by Simon Gagné.
14:18 of 1st period - Shot Misses the Net.
14:20 of 1st period - Slapshot by Dion Phaneuf.
14:20 of 1st period - Shot Misses the Net.
14:22 of 1st period - Slapshot by Dion Phaneuf.
14:22 of 1st period - Stopped by Viktor Fasth with a rebound.
14:24 of 1st period - Wrist shot by Ryan Kesler.
14:24 of 1st period - Stopped by Viktor Fasth with a rebound.
16:14 of 1st period - Penalty to Dany Heatley is over, Dany Heatley is back on ice.
18:10 of 1st period - Icing by Ryan Kesler.
18:11 of 1st period - Jeff Carter wins face-off versus Denis Arkhipov in Penguins zone.
18:59 of 1st period - Slapshot by Kyle Wellwood.
18:59 of 1st period - Stopped by Brian Elliott with a rebound.
19:01 of 1st period - Snap shot by Matt Smaby.
19:01 of 1st period - Stopped by Brian Elliott without a rebound.
19:02 of 1st period - Kyle Wellwood wins face-off versus Ryan Kesler in Penguins zone.
19:47 of 1st period - Snap shot by Kyle Wellwood.
19:47 of 1st period - Shot Misses the Net.
Goals for this period are 1 for Flyers vs 1 for Penguins.
Shots for this period are 7 for Flyers vs 15 for Penguins.

2nd period


0:01 of 2nd period - Jeff Carter wins face-off versus Ryan Kesler in neutral zone.
0:10 of 2nd period - Nathan Horton is hit by Dany Heatley and loses puck.
1:12 of 2nd period - Snap shot by Brian McGrattan.
1:12 of 2nd period - Stopped by Viktor Fasth with a rebound.
1:49 of 2nd period - Slapshot by Patrick Marleau.
1:49 of 2nd period - Deflect By Kyle Wellwood.
1:49 of 2nd period - Stopped by Brian Elliott with a rebound.
2:34 of 2nd period - Snap shot by Jeff Carter.
2:34 of 2nd period - Shot Misses the Net.
2:36 of 2nd period - Slapshot by Mats Zuccarello.
2:36 of 2nd period - Shot Misses the Net.
2:38 of 2nd period - Snap shot by Pavel Kubina.
2:38 of 2nd period - Stopped by Brian Elliott with a rebound.
2:52 of 2nd period - Steve Sullivan is hit by Georges Laraque and loses puck.
2:57 of 2nd period - Slapshot by Matt Smaby.
2:57 of 2nd period - Shot Blocked by Sean Zimmerman.
3:18 of 2nd period - Wrist shot by Sean Zimmerman.
3:18 of 2nd period - Shot Blocked by Dave Tanabe.
3:20 of 2nd period - Slapshot by Dion Phaneuf.
3:20 of 2nd period - Deflect By Kyle Wellwood.
3:20 of 2nd period - Stopped by Viktor Fasth with a rebound.
3:22 of 2nd period - Slapshot by Dion Phaneuf.
3:22 of 2nd period - Stopped by Viktor Fasth with a rebound.
3:57 of 2nd period - Dany Heatley is hit by Brian McGrattan and loses puck.
4:10 of 2nd period - Slapshot by Dave Tanabe.
4:10 of 2nd period - Stopped by Brian Elliott without a rebound.
4:11 of 2nd period - Ryan Kesler wins face-off versus Matthew Lombardi in Penguins zone.
4:46 of 2nd period - Wrist shot by Rostislav Olesz.
4:46 of 2nd period - Shot Blocked by Bobby Ryan.
4:58 of 2nd period - Slapshot by Jonathan Ericsson.
4:58 of 2nd period - Shot Blocked by Sean Zimmerman.
5:00 of 2nd period - Slapshot by Jeff Woywitka.
5:00 of 2nd period - Shot Blocked by Dion Phaneuf.
5:02 of 2nd period - Snap shot by Jeff Woywitka.
5:02 of 2nd period - Shot Blocked by Steve Sullivan.
5:04 of 2nd period - Snap shot by Mats Zuccarello.
5:04 of 2nd period - Shot Misses the Net.
5:06 of 2nd period - Slapshot by Dany Heatley.
5:06 of 2nd period - Stopped by Brian Elliott without a rebound.
5:07 of 2nd period - Ryan Kesler wins face-off versus Kyle Wellwood in Penguins zone.
5:16 of 2nd period - Slapshot by Ryan Kesler.
5:16 of 2nd period - Stopped by Viktor Fasth without a rebound.
5:17 of 2nd period - Kyle Wellwood wins face-off versus Ryan Kesler in Flyers zone.
5:29 of 2nd period - Minor Penalty to Nathan Horton for Holding.
5:30 of 2nd period - Jeff Carter wins face-off versus Ryan Kesler in Penguins zone.
5:36 of 2nd period - Snap shot by Jeff Carter.
5:36 of 2nd period - Deflect By Mats Zuccarello.
5:36 of 2nd period - Shot Hit the Post.
5:36 of 2nd period - Puck is out of play.
5:37 of 2nd period - Jeff Carter wins face-off versus Ryan Kesler in Penguins zone.
6:38 of 2nd period - Wrist shot by Dany Heatley.
6:38 of 2nd period - Shot Misses the Net.
6:40 of 2nd period - Slapshot by Mats Zuccarello.
6:40 of 2nd period - Flyers goal is going for a video replay.
6:40 of 2nd period - The goal is refused. The net was displaced accidentally..
6:41 of 2nd period - Ryan Kesler wins face-off versus Kyle Wellwood in Penguins zone.
7:29 of 2nd period - Penalty to Nathan Horton is over, Nathan Horton is back on ice.
7:48 of 2nd period - Matt Smaby is hit by Steven Stamkos and loses puck.
8:09 of 2nd period - Slapshot by Ladislav Nagy.
8:09 of 2nd period - Shot Blocked by Georges Laraque.
8:11 of 2nd period - Slapshot by Denis Arkhipov.
8:11 of 2nd period - Shot Misses the Net.
8:13 of 2nd period - Wrist shot by Brian McGrattan.
8:13 of 2nd period - Goal by Brian McGrattan - Flyers : 1 - Penguins : 2.
8:14 of 2nd period - Ryan Kesler wins face-off versus Kyle Wellwood in neutral zone.
8:40 of 2nd period - Steven Stamkos is hit by Dany Heatley and loses puck.
8:46 of 2nd period - Off-side.
8:47 of 2nd period - Steven Stamkos wins face-off versus Jeff Carter in neutral zone.
8:50 of 2nd period - Dave Tanabe is hit by Steven Stamkos and loses puck.
9:06 of 2nd period - Off-side.
9:07 of 2nd period - Ryan Kesler wins face-off versus Kyle Wellwood in neutral zone.
9:45 of 2nd period - Wrist shot by Steven Stamkos.
9:45 of 2nd period - Stopped by Viktor Fasth with a rebound.
10:07 of 2nd period - Wrist shot by Mike York.
10:07 of 2nd period - Stopped by Brian Elliott with a rebound.
10:41 of 2nd period - Slapshot by Pavel Kubina.
10:41 of 2nd period - Shot Blocked by Brendan Smith.
10:43 of 2nd period - Slapshot by Pavel Kubina.
10:43 of 2nd period - Stopped by Brian Elliott without a rebound.
10:44 of 2nd period - Kyle Wellwood wins face-off versus Ryan Kesler in Penguins zone.
10:57 of 2nd period - Wrist shot by Kyle Wellwood.
10:57 of 2nd period - Goal by Kyle Wellwood - Flyers : 2 - Penguins : 2.
10:58 of 2nd period - Ryan Kesler wins face-off versus Jeff Carter in neutral zone.
11:03 of 2nd period - Snap shot by Nathan Horton.
11:03 of 2nd period - Stopped by Viktor Fasth with a rebound.
11:05 of 2nd period - Snap shot by Simon Gagné.
11:05 of 2nd period - Deflect By Ryan Kesler.
11:05 of 2nd period - Stopped by Viktor Fasth with a rebound.
11:07 of 2nd period - Wrist shot by Simon Gagné.
11:07 of 2nd period - Deflect By Ryan Kesler.
11:07 of 2nd period - Stopped by Viktor Fasth with a rebound.
11:09 of 2nd period - Slapshot by Sean Zimmerman.
11:09 of 2nd period - Deflect By Simon Gagné.
11:09 of 2nd period - Shot Misses the Net.
11:09 of 2nd period - Puck is out of play.
11:10 of 2nd period - Jeff Carter wins face-off versus Ryan Kesler in Flyers zone.
11:25 of 2nd period - Matt Smaby is hit by Dion Phaneuf and loses puck.
11:47 of 2nd period - Snap shot by Kyle Wellwood.
11:47 of 2nd period - Stopped by Brian Elliott with a rebound.
12:42 of 2nd period - Wrist shot by Paul Ranger.
12:42 of 2nd period - Stopped by Viktor Fasth with a rebound.
12:44 of 2nd period - Wrist shot by Simon Gagné.
12:44 of 2nd period - Stopped by Viktor Fasth with a rebound.
12:46 of 2nd period - Snap shot by Paul Ranger.
12:46 of 2nd period - Deflect By Nathan Horton.
12:46 of 2nd period - Shot Misses the Net.
12:46 of 2nd period - Puck is out of play.
12:47 of 2nd period - Jeff Carter wins face-off versus Steven Stamkos in Flyers zone.
12:47 of 2nd period - Jeff Carter is hit by Dion Phaneuf.
12:52 of 2nd period - Off-side.
12:53 of 2nd period - Steven Stamkos wins face-off versus Jeff Carter in neutral zone.
12:58 of 2nd period - Pavel Kubina is hit by Bobby Ryan.
13:17 of 2nd period - Icing by Pavel Kubina.
13:18 of 2nd period - Kyle Wellwood wins face-off versus Ryan Kesler in Flyers zone.
13:55 of 2nd period - Wrist shot by Dany Heatley.
13:55 of 2nd period - Shot Misses the Net.
14:28 of 2nd period - Sean Zimmerman is hit by Jonathan Ericsson and loses puck.
14:47 of 2nd period - Slapshot by Brian McGrattan.
14:47 of 2nd period - Shot Blocked by Jonathan Ericsson.
15:09 of 2nd period - Wrist shot by Jeff Carter.
15:09 of 2nd period - Stopped by Brian Elliott without a rebound.
15:10 of 2nd period - Jeff Carter wins face-off versus Steven Stamkos in Penguins zone.
15:37 of 2nd period - Patrick Marleau is hit by Simon Gagné and loses puck.
15:57 of 2nd period - Icing by Kyle Wellwood.
15:58 of 2nd period - Oleg Kvasha wins face-off versus Mike York in Flyers zone.
16:01 of 2nd period - Snap shot by Steve Sullivan.
16:01 of 2nd period - Shot Misses the Net.
16:03 of 2nd period - Snap shot by Oleg Kvasha.
16:03 of 2nd period - Stopped by Viktor Fasth without a rebound.
16:04 of 2nd period - Jeff O'Neill wins face-off versus Oleg Kvasha in Flyers zone.
16:04 of 2nd period - Jeff O'Neill is hit by David Jones.
16:24 of 2nd period - Snap shot by David Jones.
16:24 of 2nd period - Deflect By Steve Sullivan.
16:24 of 2nd period - Stopped by Viktor Fasth with a rebound.
16:26 of 2nd period - Snap shot by Sean Zimmerman.
16:26 of 2nd period - Stopped by Viktor Fasth with a rebound.
16:28 of 2nd period - Wrist shot by Oleg Kvasha.
16:28 of 2nd period - Shot Blocked by Jonathan Ericsson.
16:30 of 2nd period - Snap shot by Steve Sullivan.
16:30 of 2nd period - Stopped by Viktor Fasth without a rebound.
16:31 of 2nd period - Ryan Kesler wins face-off versus Kyle Wellwood in Flyers zone.
16:55 of 2nd period - Minor Penalty to Brendan Smith for Hooking.
16:56 of 2nd period - Ryan Kesler wins face-off versus Kyle Wellwood in Penguins zone.
17:00 of 2nd period - Minor Penalty to Patrick Marleau for Tripping.
17:01 of 2nd period - Simon Gagné wins face-off versus Jeff Carter in Flyers zone.
17:30 of 2nd period - Jonathan Ericsson is hit by Simon Gagné and loses puck.
18:51 of 2nd period - Bobby Ryan is hit by Jeff O'Neill and loses puck.
18:55 of 2nd period - Penalty to Brendan Smith is over, Brendan Smith is back on ice.
19:00 of 2nd period - Penalty to Patrick Marleau is over, Patrick Marleau is back on ice.
19:04 of 2nd period - Snap shot by Patrick Marleau.
19:04 of 2nd period - Shot Misses the Net.
19:16 of 2nd period - Snap shot by Nathan Horton.
19:16 of 2nd period - Stopped by Viktor Fasth without a rebound.
19:17 of 2nd period - Georges Laraque wins face-off versus Oleg Kvasha in Flyers zone.
19:55 of 2nd period - Snap shot by Brian McGrattan.
19:55 of 2nd period - Stopped by Viktor Fasth with a rebound.
Goals for this period are 1 for Flyers vs 1 for Penguins.
Shots for this period are 10 for Flyers vs 17 for Penguins.

3rd period


0:01 of 3rd period - Ryan Kesler wins face-off versus Jeff Carter in neutral zone.
1:15 of 3rd period - Georges Laraque is hit by Duncan Keith and loses puck.
2:11 of 3rd period - Slapshot by Steve Sullivan.
2:11 of 3rd period - Stopped by Viktor Fasth with a rebound.
2:13 of 3rd period - Snap shot by David Jones.
2:13 of 3rd period - Stopped by Viktor Fasth without a rebound.
2:14 of 3rd period - Jeff Carter wins face-off versus Oleg Kvasha in Flyers zone.
2:57 of 3rd period - Wrist shot by Steve Sullivan.
2:57 of 3rd period - Shot Blocked by Jeff Woywitka.
2:59 of 3rd period - Wrist shot by David Jones.
2:59 of 3rd period - Stopped by Viktor Fasth with a rebound.
3:01 of 3rd period - Slapshot by Paul Ranger.
3:01 of 3rd period - Stopped by Viktor Fasth without a rebound.
3:02 of 3rd period - Kyle Wellwood wins face-off versus Ryan Kesler in Flyers zone.
3:13 of 3rd period - Snap shot by Loui Eriksson.
3:13 of 3rd period - Stopped by Brian Elliott with a rebound.
3:15 of 3rd period - Slapshot by James Wisniewski.
3:15 of 3rd period - Shot Blocked by Ryan Kesler.
3:53 of 3rd period - Snap shot by Rostislav Olesz.
3:53 of 3rd period - Stopped by Brian Elliott with a rebound.
4:00 of 3rd period - Off-side.
4:01 of 3rd period - Jeff Carter wins face-off versus Ryan Kesler in neutral zone.
4:28 of 3rd period - Icing by Sean Zimmerman.
4:29 of 3rd period - Dustin Penner wins face-off versus Kyle Wellwood in Penguins zone.
4:29 of 3rd period - Dustin Penner is hit by Kyle Wellwood.
4:56 of 3rd period - Icing by Kyle Wellwood.
4:57 of 3rd period - Kyle Wellwood wins face-off versus Ryan Kesler in Flyers zone.
6:19 of 3rd period - Dion Phaneuf is hit by Rostislav Olesz and loses puck.
6:30 of 3rd period - Jeff Carter is hit by Nathan Horton and loses puck.
6:41 of 3rd period - Nathan Horton is hit by Mats Zuccarello and loses puck.
7:24 of 3rd period - Wrist shot by Stefan Ruzicka.
7:24 of 3rd period - Shot Blocked by Oleg Kvasha.
7:26 of 3rd period - Slapshot by Matt Smaby.
7:26 of 3rd period - Stopped by Brian Elliott with a rebound.
7:40 of 3rd period - Wrist shot by Rostislav Olesz.
7:40 of 3rd period - Shot Misses the Net.
8:00 of 3rd period - Duncan Keith is hit by Dany Heatley and loses puck.
8:49 of 3rd period - Snap shot by Steve Sullivan.
8:49 of 3rd period - Stopped by Viktor Fasth without a rebound.
8:50 of 3rd period - Ryan Kesler wins face-off versus Jeff Carter in Flyers zone.
8:51 of 3rd period - Snap shot by Nathan Horton.
8:51 of 3rd period - Stopped by Viktor Fasth with a rebound.
9:34 of 3rd period - Icing by Bobby Ryan.
9:35 of 3rd period - Matthew Lombardi wins face-off versus Oleg Kvasha in Penguins zone.
9:45 of 3rd period - Icing by Paul Ranger.
9:46 of 3rd period - Jeff Carter wins face-off versus Steve Sullivan in Penguins zone.
9:49 of 3rd period - Snap shot by Jeff Carter.
9:49 of 3rd period - Shot Misses the Net.
9:51 of 3rd period - Slapshot by Jonathan Ericsson.
9:51 of 3rd period - Stopped by Brian Elliott without a rebound.
9:52 of 3rd period - Ryan Kesler wins face-off versus Jeff Carter in Penguins zone.
10:09 of 3rd period - Snap shot by Dany Heatley.
10:09 of 3rd period - Shot Misses the Net.
10:16 of 3rd period - Icing by Duncan Keith.
10:17 of 3rd period - Kyle Wellwood wins face-off versus Steven Stamkos in Penguins zone.
10:52 of 3rd period - Jeff O'Neill is hit by Ryan Kesler and loses puck.
11:20 of 3rd period - Mike York is hit by Dion Phaneuf and loses puck.
12:31 of 3rd period - Wrist shot by Ladislav Nagy.
12:31 of 3rd period - Shot Misses the Net.
12:51 of 3rd period - Snap shot by Oleg Kvasha.
12:51 of 3rd period - Shot Blocked by Loui Eriksson.
12:55 of 3rd period - Snap shot by Steve Sullivan.
12:55 of 3rd period - Stopped by Viktor Fasth without a rebound.
12:56 of 3rd period - Kyle Wellwood wins face-off versus Ryan Kesler in Flyers zone.
13:10 of 3rd period - Backhand shot by Dion Phaneuf.
13:10 of 3rd period - Deflect By Simon Gagné.
13:10 of 3rd period - Shot Blocked by Kyle Wellwood.
13:10 of 3rd period - Puck is out of play.
13:11 of 3rd period - Jeff Carter wins face-off versus Steven Stamkos in Flyers zone.
14:30 of 3rd period - Wrist shot by Brian McGrattan.
14:30 of 3rd period - Stopped by Viktor Fasth with a rebound.
15:10 of 3rd period - James Wisniewski is hit by Dion Phaneuf.
15:26 of 3rd period - Snap shot by Bobby Ryan.
15:26 of 3rd period - Shot Misses the Net.
15:40 of 3rd period - Snap shot by Dany Heatley.
15:40 of 3rd period - Deflect By Jeff Carter.
15:40 of 3rd period - Shot Misses the Net.
15:40 of 3rd period - Puck is out of play.
15:41 of 3rd period - Jeff Carter wins face-off versus Ryan Kesler in Penguins zone.
16:26 of 3rd period - Sean Zimmerman is hit by Kyle Wellwood and loses puck.
17:23 of 3rd period - Ryan Kesler is hit by Dany Heatley and loses puck.
17:29 of 3rd period - Icing by Ryan Kesler.
17:30 of 3rd period - Kyle Wellwood wins face-off versus Ryan Kesler in Penguins zone.
17:37 of 3rd period - Nathan Horton is hit by Loui Eriksson and loses puck.
17:42 of 3rd period - Wrist shot by Kyle Wellwood.
17:42 of 3rd period - Shot Misses the Net.
17:44 of 3rd period - Snap shot by Kyle Wellwood.
17:44 of 3rd period - Shot Misses the Net.
17:46 of 3rd period - Slapshot by Kyle Wellwood.
17:46 of 3rd period - Shot Misses the Net.
17:56 of 3rd period - Simon Gagné is hit by Matthew Lombardi and loses puck.
18:45 of 3rd period - Snap shot by Stefan Ruzicka.
18:45 of 3rd period - Stopped by Brian Elliott without a rebound.
18:46 of 3rd period - Kyle Wellwood wins face-off versus Oleg Kvasha in Penguins zone.
Goals for this period are 0 for Flyers vs 0 for Penguins.
Shots for this period are 5 for Flyers vs 8 for Penguins.

Overtime #1


0:01 of 1st overtime period - Ryan Kesler wins face-off versus Jeff Carter in neutral zone.
0:14 of 1st overtime period - Backhand shot by Dany Heatley.
0:14 of 1st overtime period - Stopped by Brian Elliott without a rebound.
0:15 of 1st overtime period - Kyle Wellwood wins face-off versus Ryan Kesler in Penguins zone.
0:20 of 1st overtime period - Slapshot by Kyle Wellwood.
0:20 of 1st overtime period - Shot Blocked by Sean Zimmerman.
0:22 of 1st overtime period - Snap shot by Matt Smaby.
0:22 of 1st overtime period - Deflect By Kyle Wellwood.
0:22 of 1st overtime period - Shot Misses the Net.
0:22 of 1st overtime period - Puck is out of play.
0:23 of 1st overtime period - Ryan Kesler wins face-off versus Kyle Wellwood in Penguins zone.
0:28 of 1st overtime period - Loui Eriksson is hit by Simon Gagné and loses puck.
0:57 of 1st overtime period - Snap shot by Ryan Kesler.
0:57 of 1st overtime period - Stopped by Viktor Fasth with a rebound.
1:07 of 1st overtime period - Wrist shot by Loui Eriksson.
1:07 of 1st overtime period - Shot Misses the Net.
1:15 of 1st overtime period - Snap shot by Kyle Wellwood.
1:15 of 1st overtime period - Goal by Kyle Wellwood - Flyers : 3 - Penguins : 2.
Goals for this period are 1 for Flyers vs 0 for Penguins.
Shots for this period are 2 for Flyers vs 1 for Penguins.